 Dungeon Crawl Stone Soup version 0.19-a0-36-g4a0968a (webtiles) character file.

117144 manon the Bludgeoner (level 16, -15/146 HPs)
             Began as a Minotaur Berserker on May 3, 2016.
             Was a High Priest of Trog.
             Killed from afar by a deep elf high priest (28 damage)
             ... with a damnation
             ... on level 3 of the Elven Halls.
             The game lasted 03:24:55 (23052 turns).

manon the Bludgeoner (Minotaur Berserker)          Turns: 23052, Time: 03:24:56

Health: -15/146    AC: 23    Str: 40    XL:     16   Next: 22%
Magic:  5/5        EV: 17    Int:  4    God:    Trog [*****.]
Gold:   1912       SH:  0    Dex: 17    Spells: 0 memorised, 15 levels left

rFire  . . .     SeeInvis +     a - +8 demon whip (antimagic)
rCold  + + .     Gourm    .     R - +2 plate armour {rC+}
rNeg   + . .     Faith    .     (no shield)
rPois  .         Spirit   .     (helmet restricted)
rElec  +         Dismiss  .     y - +0 cloak (curse)
rCorr  .         Reflect  .     r - +0 pair of gloves
SustAt .         Harm     .     Z - +2 pair of boots {run}
MR     +++..                    A - amulet of Echureak {RegenMP Str+4}
Stlth  ..........               D - ring of Effaynae {Fragile rElec rC+ rN+ SInv}
                                L - +4 ring of strength

@: mighty, agile, exhausted, regenerating, slowed, very slow, extremely
resistant to hostile enchantments, extremely unstealthy
A: retaliatory headbutt, horns 2
a: Berserk, Trog's Hand, Brothers in Arms, Burn Spellbooks, Renounce Religion


You were on level 3 of the Elven Halls.
You worshipped Trog.
Trog was extremely pleased with you.
You were near starving.

You visited 5 branches of the dungeon, and saw 25 of its levels.
You also visited: Ice Cave.

You collected 3068 gold pieces.
You spent 1156 gold pieces at shops.

Inventory:

Hand Weapons
 a - a +8 antimagic demon whip (weapon)
 b - the +10 arbalest "Jeasog" {freeze, rElec MR+ Str+4 Dex-5}
   (You bought it in a shop on level 2 of the Orcish Mines)

   It causes projectiles fired from it to freeze those they strike, causing
   extra injury to most foes and up to half again as much damage against
   particularly susceptible opponents.
   They can also slow down cold-blooded creatures.
   It affects your strength (+4).
   It affects your dexterity (-5).
   It insulates you from electricity.
   It affects your resistance to hostile enchantments.
 c - a +5 great mace
 K - a +1 triple crossbow of evasion
Missiles
 j - 318 bolts
 Y - 2 throwing nets (quivered)
Armour
 d - the +1 ring mail of Demons {Slay+2}
   (You found it on level 10 of the Dungeon)

   It affects your accuracy and damage with ranged weapons and melee attacks
   (+2).
 r - a +0 pair of gloves (worn)
 y - a cursed +0 cloak (worn)
 R - a +2 plate armour of cold resistance (worn)
 Z - a +2 pair of boots of running (worn)
Jewellery
 m - an uncursed ring of flight
 n - an uncursed ring of protection from cold
 t - an uncursed ring of poison resistance
 A - the amulet of Echureak (around neck) {RegenMP Str+4}
   (You found it on level 4 of the Dungeon)

   [amulet of magic regeneration]

   It increases your magic regeneration.
   It affects your strength (+4).
 D - the ring of Effaynae (right hand) {Fragile rElec rC+ rN+ SInv}
   (You found it on level 4 of the Dungeon)

   [ring of see invisible]

   It protects you from cold.
   It insulates you from electricity.
   It protects you from negative energy.
   It lets you see invisible.
   It will be destroyed if unequipped.
 H - an uncursed ring of sustain attributes
 L - a +4 ring of strength (left hand)
Wands
 h - a wand of hasting (4/9)
 w - a wand of heal wounds (7/9)
 G - a wand of digging (11/24)
 N - a wand of lightning (10/15)
 U - a wand of flame (29/48)
 X - a wand of disintegration (2/24)
Scrolls
 e - 8 scrolls of remove curse
 f - 3 scrolls of enchant armour
 g - 5 scrolls of identify
 i - 9 scrolls of teleportation
 o - 2 scrolls of silence
 s - 5 scrolls of fear
 u - 3 scrolls of fog
 x - 4 scrolls of blinking
 J - 6 scrolls of recharging
 T - a scroll of vulnerability {unknown}
Potions
 p - a potion of magic
 v - a potion of ambrosia
 z - 9 potions of curing
 F - 4 potions of invisibility
 I - a potion of haste
 M - 2 potions of agility
 O - 2 potions of might
 P - 4 potions of heal wounds
 Q - a potion of flight
 S - a potion of cure mutation
Miscellaneous
 q - a phial of floods
Comestibles
 k - 9 meat rations
 l - a royal jelly
 B - 14 bread rations
 C - 18 fruits
 E - 3 chunks of flesh
 V - a beef jerky


   Skills:
 * Level 14.2 Fighting
 - Level 20.0 Maces & Flails
 - Level 18.0 Crossbows
 + Level 11.4 Armour
 + Level 5.5 Dodging
 - Level 1.0 Evocations


You had 15 spell levels left.
You didn't know any spells.

Dungeon Overview and Level Annotations

Branches:
Dungeon (11/15)            Temple (1/1) D:4            Lair (8/8) D:10
 Shoals (0/4) Lair:3       Spider (0/4) Lair:5        Slime (0/6) Lair:7
    Orc (2/2) D:10            Elf (3/3) Orc:2

Altars:
Ashenzari
Cheibriados
Dithmenos
Elyvilon
Fedhas
Kikubaaqudgha
Makhleb
Nemelex Xobeh
Okawaru
Pakellas
Qazlal
Ru
Sif Muna
Trog
Vehumet
Xom
Yredelemnul
Zin
The Shining One
Beogh
Jiyva

Shops:
D:6 :   D:10 %   Orc:1 *   Orc:2 %([**

Annotations:
D:3 Sigmund
Lair:2 exclusion: oklob plant
Elf:2 3 runed doors, exclusions: door and 2 more exclusions


Innate Abilities, Weirdness & Mutations

You reflexively headbutt those who attack you in melee.
You have a pair of horns on your head.


Message History

Something closely misses your deep troll.
Something hits your deep troll.
Your deep troll bites the deep elf master archer!
Your deep troll barely misses the deep elf master archer.
Your deep troll claws the deep elf master archer.
The deep elf master archer wields a longbow.
The deep elf master archer shoots an arrow.
The arrow hits your deep troll!!
You feel your anger subside.
You are no longer berserk.
You are exhausted.
You feel yourself slow down.
You are feeling very hungry.
You are near starving!
Your deep troll bites the deep elf master archer!
Your deep troll misses the deep elf master archer.
Your deep troll claws the deep elf master archer!!
Something barely misses your deep troll.
Something hits your deep troll!
The deep elf high priest mumbles some strange prayers to its god against you.
The damnation unfurls!
The damnation engulfs you!
You die...

#...... ##e.(..
##ee.. ##(e.#
#..T## ##.)(##
##...## ##..(#
##@## #.# #.# #!#
#.# #### #.####
##... ##....###
##.... #.......#
##.....
#.......#####......


You could see a deep elf master archer, a deep elf high priest and a friendly
deep troll (berserk).

Vanquished Creatures
  A deep elf master archer (Elf:3)
  Kirke (Lair:8)
  Maud (D:10)
  A frost giant (IceCv)
  An orc warlord (Orc:1)
  A deep elf sorcerer (Elf:3)
  3 deep elf demonologists
  3 deep elf annihilators (Elf:3)
  2 deep elf death magi
  A fire dragon (Lair:8)
  A deep elf high priest (Elf:2)
  11 hydras
  11 dancing weapons
  Erica (D:10)
  15 death yaks
  4 orc high priests (Orc:2)
  Nergalle (D:10)
  3 deep elf knights (Elf:1)
  5 hill giants
  3 deep elf archers
  3 orc knights (Orc:2)
  4 griffons
  30 deep elf magi
  Pikel (D:4)
  2 orc sorcerers (Orc:2)
  3 cyclopes
  Maurice (D:8)
  A manticore (Lair:3)
  Joseph (D:8)
  4 torpor snails
  5 black mambas
  An ice statue (IceCv)
  8 spiny frogs
  5 komodo dragons
  8 rime drakes
  A jumping spider (Lair:5)
  5 trolls
  20 polar bears
  2 two-headed ogres
  2 boulder beetles
  A snapping turtle (shapeshifter) (Elf:1)
  10 blink frogs
  2 air elementals (Elf:1)
  A redback (Lair:5)
  The ghost of manon the Ruffian, an amateur VSMo of Ru (D:4)
  44 yaks
  A vampire (D:11)
  A human (D:7)
  7 basilisks
  4 fire bats (Lair:8)
  3 wyverns
  A fire elemental (Elf:3)
  3 hogs (Lair:8)
  2 steam dragons (Lair:8)
  11 hippogriffs
  2 hungry ghosts
  Menkaure (D:7)
  5 wargs
  A mottled dragon (Lair:8)
  12 water moccasins
  Duvessa (D:6)
  28 orc warriors
  17 porcupines
  4 slaves
  6 sky beasts
  A black bear (D:10)
  A necrophage (D:10)
  17 wolves
  5 ogres
  A centaur (D:8)
  15 crocodiles
  A big kobold (D:7)
  16 giant frogs
  An earth elemental (Elf:1)
  A jelly (D:8)
  Dowan (D:6)
  12 killer bees
  2 scorpions
  A wight (D:9)
  An electric eel (Lair:8)
  6 crimson imps
  3 centaur zombies
  A giant frog zombie (D:11)
  Crazy Yiuf (D:2)
  27 orc wizards
  A giant frog skeleton (D:11)
  25 orc priests
  12 iguanas
  A centaur skeleton (D:10)
  3 worker ants
  A killer bee zombie (D:8)
  35 sheep
  A howler monkey zombie (D:6)
  A worker ant zombie (D:9)
  4 adders
  95 river rats
  5 shadow imps
  14 white imps
  6 oozes
  2 adder skeletons
  A worm (D:4)
  4 dart slugs
  6 giant geckos
  82 orcs
  3 ball pythons
  5 giant cockroaches
  5 goblins
  7 hobgoblins
  5 jackals (D:5)
  6 quokkas
  4 bats
  5 giant newts
  14 kobolds
  A quokka skeleton (D:5)
  6 rats
  A butterfly (D:4)
821 creatures vanquished.

Vanquished Creatures (collateral kills)
  A deep elf blademaster (Elf:3)
  Asterion (Elf:2)
  Rupert (Lair:8)
  An orc warlord (Orc:2)
  A deep elf high priest (Elf:3)
  Harold (D:10)
  A wyvern (Lair:8)
  A water elemental (Elf:2)
  2 fire bats (Lair:8)
  A hog (Lair:8)
  A porcupine (D:10)
  3 ogres
  9 orc warriors
  A lava snake (Lair:8)
  2 orc priests (Orc:2)
  An iguana (Lair:8)
  2 orc wizards (Orc:2)
  3 river rats (Lair:8)
  12 orcs
  A fire vortex (Lair:8)
46 creatures vanquished.

Vanquished Creatures (others)
  A bush (D:10)
  11 fungi
  20 plants
32 creatures vanquished.

Grand Total: 899 creatures vanquished

Notes
Turn   | Place    | Note
--------------------------------------------------------------
     0 | D:1      | manon the Minotaur Berserker began the quest for the Orb.
     0 | D:1      | Reached XP level 1. HP: 19/19 MP: 0/0
    40 | D:1      | Reached skill level 4 in Maces & Flails
   165 | D:1      | Reached XP level 2. HP: 26/26 MP: 1/1
   601 | D:2      | Reached skill level 5 in Maces & Flails
   634 | D:2      | Reached XP level 3. HP: 28/31 MP: 2/2
   712 | D:2      | Reached ** piety under Trog
  1157 | D:2      | Noticed Crazy Yiuf
  1163 | D:2      | Killed Crazy Yiuf
  1163 | D:2      | Reached skill level 6 in Maces & Flails
  1163 | D:2      | Reached XP level 4. HP: 40/40 MP: 3/3
  1336 | D:3      | Noticed Sigmund
  1380 | D:4      | Found a staircase to the Ecumenical Temple.
  1380 | D:4      | Noticed Pikel
  1380 | D:4      | Noticed a slave
  1380 | D:4      | Noticed a slave
  1383 | D:4      | Noticed a slave
  1385 | D:4      | Noticed a slave
  1395 | D:3      | Killed a slave
  1709 | D:4      | Noticed manon's ghost (amateur VSMo)
  1911 | D:4      | Killed manon's ghost
  1911 | D:4      | Reached skill level 7 in Maces & Flails
  1911 | D:4      | Reached XP level 5. HP: 47/47 MP: 4/4
  1911 | D:4      | Reached XP level 6. HP: 55/55 MP: 5/5
  1942 | D:4      | Got a shimmering ruby amulet
  1943 | D:4      | Identified the amulet of Echureak {RegenMP Str+4} (You found it on level 4 of the Dungeon)
  1980 | D:4      | Reached skill level 5 in Fighting
  2012 | D:4      | Got a coiled golden ring
  2013 | D:4      | Identified the ring of Effaynae {Fragile rElec rC+ rN+ SInv} (You found it on level 4 of the Dungeon)
  2128 | D:4      | Killed a slave
  2165 | D:4      | Killed a slave
  2199 | D:4      | Killed a slave
  2295 | D:4      | Killed Pikel
  2295 | D:4      | Reached skill level 9 in Maces & Flails
  2295 | D:4      | Reached XP level 7. HP: 61/61 MP: 6/6
  2310 | Temple   | Entered the Ecumenical Temple
  2833 | D:4      | Found a shadowy altar of Dithmenos.
  2930 | D:5      | Entered Level 5 of the Dungeon
  3269 | D:5      | Reached skill level 10 in Maces & Flails
  3269 | D:5      | Reached skill level 5 in Armour
  3269 | D:5      | Reached XP level 8. HP: 68/68 MP: 7/7
  3407 | D:5      | Reached *** piety under Trog
  3711 | D:6      | Noticed Dowan
  3720 | D:6      | Killed Dowan
  3841 | D:6      | Reached skill level 11 in Maces & Flails
  3870 | D:6      | Found Caofriti's Book Boutique.
  3894 | D:6      | Found a shattered altar of Ashenzari.
  4270 | D:6      | Noticed Duvessa
  4276 | D:6      | Killed Duvessa
  4350 | D:7      | Found a glowing silver altar of Zin.
  4422 | D:7      | Found a radiant altar of Vehumet.
  4444 | D:7      | Got a spiked leather armour
  4445 | D:7      | Identified the +3 leather armour of the Many Stars {-Cast Int+7} (You found it on level 7 of the Dungeon)
  4623 | D:7      | Noticed Menkaure
  4625 | D:7      | Killed Menkaure
  4625 | D:7      | Reached skill level 12 in Maces & Flails
  4625 | D:7      | Reached XP level 9. HP: 74/74 MP: 8/8
  4700 | D:7      | Found a sacrificial altar of Ru.
  4781 | D:7      | Reached **** piety under Trog
  5316 | D:8      | Noticed Joseph
  5448 | D:8      | Killed Joseph
  5553 | D:8      | Found a sparkling altar of Nemelex Xobeh.
  5860 | D:8      | Found a stormy altar of Qazlal.
  5949 | D:8      | Noticed Maurice
  5969 | D:8      | Killed Maurice
  5969 | D:8      | Reached XP level 10. HP: 88/88 MP: 9/9
  6068 | D:8      | You fall through a shaft for 2 floors!
  6068 | D:10     | Entered Level 10 of the Dungeon
  6139 | D:10     | Reached skill level 10 in Armour
  6139 | D:10     | Reached skill level 1 in Evocations
  6443 | D:10     | Reached ***** piety under Trog
  6460 | D:10     | Noticed Nergalle
  6477 | D:11     | Noticed an eight-headed hydra
  6477 | D:11     | Noticed a six-headed hydra
  6482 | D:11     | Killed a six-headed hydra
  6482 | D:11     | Reached skill level 5 in Crossbows
  6504 | D:11     | Killed an eight-headed hydra
  6558 | D:11     | Noticed a hill giant
  6571 | D:11     | Killed a hill giant
  6655 | D:11     | Noticed a seven-headed hydra
  6668 | D:11     | Killed a seven-headed hydra
  6668 | D:11     | Received a gift from Trog
  6685 | D:11     | Reached XP level 11. HP: 46/94 MP: 10/10
  6796 | D:10     | Found a staircase to the Lair.
  7284 | D:11     | Noticed a hill giant
  7292 | D:11     | Killed a hill giant
  7300 | D:11     | Reached skill level 13 in Maces & Flails
  7300 | D:11     | Reached skill level 10 in Crossbows
  7338 | D:10     | Noticed Maud
  7352 | D:10     | Killed Maud
  7534 | D:9      | Found an iron altar of Okawaru.
  7578 | D:9      | Found a bloodstained altar of Trog.
  7823 | D:9      | Received a gift from Trog
  7837 | D:9      | You fall through a shaft for 2 floors!
  7837 | D:11     | Noticed a hill giant
  7843 | D:11     | Killed a hill giant
  8091 | D:11     | Noticed a hill giant
  8098 | D:11     | Killed a hill giant
  8098 | D:11     | Reached skill level 14 in Maces & Flails
  8192 | D:10     | Killed Nergalle
  8200 | D:10     | Noticed Harold
  8202 | D:10     | Killed Harold
  8202 | D:10     | Reached skill level 10 in Fighting
  8330 | D:10     | Reached XP level 12. HP: 102/107 MP: 11/11
  8418 | D:10     | Found a staircase to the Orcish Mines.
  8436 | D:10     | Received a gift from Trog
  8467 | D:10     | Reached skill level 15 in Maces & Flails
  8518 | D:10     | Got a shimmering ring mail
  8519 | D:10     | Identified the +1 ring mail of Demons {Slay+2} (You found it on level 10 of the Dungeon)
  8807 | D:10     | Found Bevvak's Food Emporium.
  8940 | D:10     | Noticed Erica
  8948 | D:10     | Killed Erica
  9048 | Lair:1   | Entered Level 1 of the Lair of Beasts
  9075 | Lair:1   | Received a gift from Trog
  9656 | Lair:1   | Received a gift from Trog
  9954 | Lair:2   | Reached skill level 16 in Maces & Flails
 10101 | Lair:2   | Noticed a six-headed hydra
 10110 | Lair:2   | Killed a six-headed hydra
 11053 | Lair:3   | Received a gift from Trog
 11568 | Lair:3   | Found a staircase to the Shoals.
 11746 | Lair:4   | Reached skill level 17 in Maces & Flails
 11826 | Lair:4   | Noticed a seven-headed hydra
 11835 | Lair:4   | Killed a seven-headed hydra
 12143 | Lair:4   | Reached XP level 13. HP: 116/116 MP: 12/12
 12204 | Lair:4   | Received a gift from Trog
 12956 | Lair:5   | Received a gift from Trog
 13128 | Lair:5   | Found a hole to the Spider Nest.
 13479 | Lair:5   | Reached skill level 18 in Maces & Flails
 14269 | Lair:6   | Received a gift from Trog
 14688 | Lair:6   | Reached skill level 19 in Maces & Flails
 14830 | Lair:6   | Found a runed door.
 14872 | Lair:6   | Identified Sif Muna's Grimoire of Frigorific Heat
 14875 | Lair:6   | Received a gift from Trog
 14993 | Lair:7   | Reached XP level 14. HP: 101/124 MP: 13/13
 15010 | Lair:7   | Reached ****** piety under Trog
 15017 | Lair:7   | Received a gift from Trog
 15038 | Lair:7   | Found a frozen archway.
 15044 | Lair:7   | Received a gift from Trog
 15084 | IceCv    | Entered an ice cave
 15424 | IceCv    | Identified a +4 rod of inaccuracy (13/13) (You found it in an ice cave)
 15767 | IceCv    | Noticed a frost giant
 15792 | IceCv    | Killed a frost giant
 15794 | IceCv    | Reached skill level 20 in Maces & Flails
 16226 | Lair:7   | Got a distressingly furry ring mail
 16227 | Lair:7   | Identified the cursed +1 ring mail of the Black Moon {rPois} (You found it on level 7 of the Lair of Beasts)
 17028 | Lair:7   | Received a gift from Trog
 17139 | Lair:7   | Found a runed door.
 17147 | Lair:7   | Found a viscous altar of Jiyva.
 17147 | Lair:7   | Found a staircase to the Slime Pits.
 17530 | Lair:8   | Entered Level 8 of the Lair of Beasts
 17579 | Lair:8   | Noticed Rupert
 17585 | Lair:8   | Killed Rupert
 17787 | Lair:8   | Reached skill level 15 in Crossbows
 17794 | Lair:8   | Noticed Kirke
 17804 | Lair:8   | Killed Kirke
 18281 | Lair:8   | Received a gift from Trog
 18836 | Orc:1    | Entered Level 1 of the Orcish Mines
 18918 | Orc:1    | Found a roughly hewn altar of Beogh.
 18941 | Orc:1    | Noticed an orc warlord
 18956 | Orc:1    | Killed an orc warlord
 19007 | Orc:1    | Received a gift from Trog
 19177 | Orc:1    | Found Ireoz's General Store.
 19194 | Orc:1    | Bought an uncursed ring of poison resistance for 240 gold pieces
 19416 | Orc:2    | Entered Level 2 of the Orcish Mines
 19438 | Orc:2    | Received a gift from Trog
 19474 | Orc:2    | Reached XP level 15. HP: 132/134 MP: 7/14
 19513 | Orc:2    | Received a gift from Trog
 19651 | Orc:2    | Noticed an orc warlord
 19654 | Orc:2    | Killed an orc warlord
 19667 | Orc:2    | Received a gift from Trog
 19877 | Orc:2    | Found Josseq's Armour Boutique.
 19880 | Orc:2    | Found Oxkoture's Assorted Antiques.
 19894 | Orc:2    | Found Gaujaut's Antique Weapon Shop.
 19967 | Orc:2    | Found Zoturizuav's Food Shop.
 20034 | Orc:2    | Bought a +2 pair of boots of running for 622 gold pieces
 20043 | Orc:2    | Bought a twisted arbalest for 294 gold pieces
 20045 | Orc:2    | Identified the +10 arbalest "Jeasog" {freeze, rElec MR+ Str+4 Dex-5} (You bought it in a shop on level 2 of the Orcish Mines)
 20397 | Orc:2    | Found Qorrah's General Store.
 20438 | Orc:2    | Found a staircase to the Elven Halls.
 20567 | Orc:2    | Received a gift from Trog
 20858 | Elf:1    | Entered Level 1 of the Elven Halls
 21146 | Elf:1    | Received a gift from Trog
 22192 | Elf:2    | Noticed Asterion
 22197 | Elf:2    | Killed Asterion
 22756 | Elf:2    | Found a runed gate.
 22758 | Elf:2    | Found a runed gate.
 22758 | Elf:2    | Found a runed gate.
 22775 | Elf:3    | Entered Level 3 of the Elven Halls
 22848 | Elf:3    | Reached XP level 16. HP: 109/144 MP: 5/15
 23013 | Elf:3    | Received a gift from Trog
 23035 | Elf:3    | Reached skill level 5 in Dodging
 23037 | Elf:3    | Noticed a deep elf blademaster
 23039 | Elf:3    | Noticed a deep elf master archer
 23045 | Elf:3    | Killed a deep elf blademaster
 23046 | Elf:3    | Killed a deep elf master archer
 23048 | Elf:3    | Noticed a deep elf blademaster
 23049 | Elf:3    | Noticed a deep elf master archer
 23052 | Elf:3    | Killed from afar by a deep elf high priest

Vault maps used:
D:1:      dpeg_arrival_arbitrary_c
D:2:      kennysheep_minor_cross, uniq_crazy_yiuf_cottage
D:3:      nicolae_gozag_zags_fifth_avenue, grunt_pakellas_mercury, uniq_sigmund
D:4:      kennysheep_mini_moat, minmay_temple_entry_butterflies, first_bread,
          uniq_pikel
D:5:      minmay_opposing_rooms
D:6:      nicolae_overflow_crystal_walls, serial_shops, shop, uniq_duvessa
D:7:      nicolae_ru_great_annihilating_truth, zin_academy, grunt_livestock,
          vehumet_altar_wand_db, uniq_menkaure
D:8:      kennysheep_little_box, lemuel_crystal_altar, uniq_joseph, uniq_maurice
D:9:      overflow_temple_1_default, marbit_many_paths, serial_ice,
          serial_ice_e, serial_ice_n, serial_ice_f, serial_ice_d, serial_ice_i,
          serial_ice_m, serial_ice_h
D:10:     minmay_lair_entry_grove, david_orc_3, serial_shops, shop, uniq_maud,
          uniq_nergalle, uniq_erica, uniq_harold
D:11:     enter_bailey_2, lab_entry_generic
Temple:   triangle_lava_temple_11
Lair:1:   serial_bayou_shore_a
Lair:2:   minmay_lair_oklob_tunnel, patterned_corridor, lemuel_fruit_tree,
          serial_bayou_shore_b
Lair:3:   minmay_shoals_entry_beasts, serial_bayou_pond_e, grunt_megastairs_4
Lair:4:   grunt_forest_small_clearings
Lair:5:   spider_nest_entry_a, grunt_megastairs_5
Lair:6:   pf_torpor_hydra
Lair:7:   slime_altar_2, portal_ice_cave_entry_imps
Lair:8:   guppyfry_lair_end_dragon, lemuel_fruit_fields, uniq_kirke, uniq_rupert
Orc:1:    serial_shops, nicolae_shop_stone, basic_altar
Orc:2:    st_orc_mages, serial_shops, shop_fountains
Elf:1:    eino_elf_arrival_the_gate, serial_sigils,
          serial_sigils_hangedman_shear, serial_sigils_hangedman_clutch,
          serial_sigils_hangedman_quiver, serial_sigils_hangedman_quiver,
          serial_sigils_hangedman_snap, serial_sigils_hangedman_gnaw
Elf:2:    uniq_asterion
Elf:3:    grunt_elf_hall_asides
IceCv:    ice_cave_caverns_02

Skill      XL: |  1  2  3  4  5  6  7  8  9 10 11 12 13 14 15 16 |
---------------+-------------------------------------------------+-----
Maces & Flails | 4 5 6 7 9 10 12 14 17 19 20 | 20.0
Fighting       | 4 5 8 10 11 12 13 14 | 14.2
Armour         | 4 5 7 9 10 11 | 11.4
Evocations     | 1 |  1.0
Crossbows      | 9 10 11 13 15 18 | 18.0
Dodging        | 4 5 |  5.5

Action                   |  1- 3 |  4- 6 |  7- 9 | 10-12 | 13-15 | 16-18 || total
-------------------------+-------+-------+-------+-------+-------+-------++-------
Melee: Mace              |    71 |    84 |       |       |       |       ||   155
       Headbutt          |     9 |    21 |    47 |   158 |   164 |     5 ||   404
       Whip              |     5 |       |   269 |   447 |       |       ||   721
       Quarterstaff      |       |     1 |       |       |       |       ||     1
       Great mace        |       |       |       |    50 |   347 |       ||   397
       Demon whip        |       |       |       |       |   343 |    11 ||   354
 Fire: Blowgun           |       |       |     9 |     2 |       |       ||    11
       Arbalest          |       |       |       |   147 |   732 |    13 ||   892
Throw: Throwing net      |       |       |       |       |     2 |       ||     2
Invok: Berserk           |     1 |     2 |     6 |     5 |     4 |     1 ||    19
       Trog's Hand       |       |     1 |     1 |     2 |     8 |     1 ||    13
       Burn Spellbooks   |       |       |     2 |       |     5 |       ||     7
       Brothers in Arms  |       |       |       |     2 |     5 |     1 ||     8
Evoke: Wand              |       |       |       |     1 |       |       ||     1
  Use: Potion            |     2 |       |     1 |     2 |     4 |     3 ||    12
       Scroll            |     1 |     3 |     6 |    11 |    12 |     2 ||    35
 Stab: Paralysed         |       |       |     1 |       |       |       ||     1
  Eat: Fruit             |       |     4 |     5 |     3 |     5 |       ||    17
       Chunk             |       |     3 |    14 |    22 |    15 |     1 ||    55
       Pizza             |       |       |       |     2 |     8 |       ||    10
       Meat ration       |       |       |       |       |     1 |       ||     1
       Beef jerky        |       |       |       |       |     2 |       ||     2
Armor: Animal skin       |     3 |       |       |       |       |       ||     3
       Leather armour    |    15 |    14 |       |       |       |       ||    29
       Scale mail        |       |    15 |    11 |       |       |       ||    26
       Ring mail         |       |       |    53 |       |       |       ||    53
       Plate armour      |       |       |     1 |   200 |   358 |     3 ||   562
Dodge: Dodged            |    51 |    42 |    75 |   136 |   255 |     8 ||   567
